 Dungeon Crawl Stone Soup version 0.31.0-12-g77e489cdc1 (webtiles) character file.

Game seed: 9356124720302667378

20534 Silvore the Basher (level 12, -24/110 HPs)
             Began as a Minotaur Fighter on Feb 22, 2024.
             Was an Elder of the Shining One.
             Killed from afar by a fire giant (32 damage)
             ... with a fireball
             ... on level 10 of the Dungeon.
             The game lasted 00:11:30 (9011 turns).

Silvore the Basher (Minotaur Fighter)               Turns: 9011, Time: 00:11:31

Health: -24/110    AC: 22    Str: 26    XL:     12   Next: 46%
Magic:  11/11      EV: 17    Int:  5    God:    the Shining One [****..]
Gold:   1079       SH:  7    Dex: 16    Spells: 11/11 levels left

rFire   . . .        a - +1 flail (flame)
rCold   . . .        c - +0 buckler
rNeg    + + .        k - +2 chain mail
rPois   .            (helmet restricted)
rElec   .            o - +0 cloak
rCorr   .            v - +2 pair of gloves
SInv    .            p - +2 pair of boots {Fly}
Will    .....        (no amulet) Stlth
                     j - +6 ring of dexterity
HPRegen 0.38/turn    d - +5 ring of evasion
MPRegen 0.12/turn

%: no passive effects
@: flying, glowing
A: horns 2, retaliatory headbutt
a: Renounce Religion, Divine Shield, Cleansing Flame


You were on level 10 of the Dungeon.
You worshipped the Shining One.
The Shining One was greatly pleased with you.
You visited 2 branches of the dungeon, and saw 11 of its levels.
You also visited: Bailey.

You collected 1079 gold pieces.

Inventory:

Hand Weapons
 a - a +1 flail of flaming (weapon)
 t - a +4 dagger
 y - a +1 vampiric great sword
Armour
 b - a +0 scale mail
 c - a +0 buckler (worn)
 k - a +2 chain mail (worn)
 o - a +0 cloak (worn)
 p - a +2 pair of boots of flying (worn)
 v - a +2 pair of gloves (worn)
Jewellery
 d - a +5 ring of evasion (right hand)
 j - a +6 ring of dexterity (left hand)
 A - a ring of magical power
 C - an amulet of regeneration
 D - a ring of wizardry
 F - a ring of wizardry
Wands
 e - a wand of iceblast (22)
 q - a wand of mindburst (15)
 u - a wand of charming (5)
Scrolls
 f - a scroll of revelation
 g - 4 scrolls of blinking
 i - a scroll of brand weapon
 l - 3 scrolls of teleportation
 m - 3 scrolls of noise
 s - 2 scrolls of amnesia
 w - 4 scrolls of fog
 H - a scroll of immolation
 I - 3 scrolls of identify
 K - a scroll of vulnerability {unknown}
Potions
 h - 5 potions of curing
 n - 2 potions of mutation
 r - a potion of resistance
 x - a potion of lignification
 z - a potion of might
 B - 3 potions of degeneration
 E - 4 potions of brilliance
 G - a potion of heal wounds
 J - a potion of attraction {unknown}


   Skills:
 + Level 11.0 Fighting
 + Level 13.7 Maces & Flails
 + Level 11.4 Armour
 + Level 7.3 Dodging
 + Level 4.8 Stealth
 + Level 10.8 Shields


You had 11 spell levels left.
You didn't know any spells.
Your spell library contained the following spells:

 Spells                   Type           Power      Damage    Failure   Level
 Ensorcelled Hibernation  Hex/Ice        0%         N/A       97%         2
 Call Canine Familiar     Summ           0%         N/A       100%        3
 Passwall                 Erth           0%         N/A       100%        3
 Sigil of Binding         Hex            0%         N/A       100%        3
 Swiftness                Air            0%         N/A       100%        3
 Animate Armour           Summ/Erth      0%         N/A       100%        4
 Dimensional Bullseye     Hex/Tloc       0%         N/A       100%        4
 Summon Lightning Spire   Summ/Air       0%         N/A       100%        4
 Lee's Rapid Deconstruct  Erth           0%         3d4*      100%        5


Dungeon Overview and Level Annotations

Branches:
Dungeon (10/15)            Temple (1/1) D:6            Lair (0/5) D:8
    Orc (0/2) D:9          Bailey (visited)

Altars:
Ashenzari
Cheibriados
Dithmenos
Elyvilon
Fedhas
Gozag
Hepliaklqana
Kikubaaqudgha
Makhleb
Nemelex Xobeh
Okawaru
Qazlal
Ru
Sif Muna
Trog
Uskayaw
Vehumet
Wu Jian
Xom
Zin
The Shining One

Annotations:
D:9 exclusion: obsidian statue


Innate Abilities, Weirdness & Mutations

You have a pair of horns on your head.
You reflexively headbutt those who attack you in melee.


Message History

Items here: ) [ ††.
You now have 1073 gold pieces (gained 375).
Items here: ))))))))))) [ ††††††††††.
Okay, then.
HP restored.
A malevolent force fills the Dungeon...
With a horrendous wail, an alarm goes off!
A sentinel's mark forms upon you.
You hear a shout!
Found a stone staircase leading up.
There is a stone staircase leading up here.
I - 3 scrolls of identify (gained 1)
The sentinel's mark upon you fades away.
You now have 1079 gold pieces (gained 6).
Found a stone staircase leading down.
A fire giant is nearby!
The fire giant shouts!
The fire giant casts a spell at you.
The fireball explodes!
The fireball engulfs you!!!
You hit the fire giant but do no damage.
You hit the fire giant.
The fire giant is lightly wounded.
The fire giant hits you with a +0 great sword of flaming!
The fire giant burns you.
You sock the fire giant!
The fire giant is lightly wounded.
The fire giant hits you with a +0 great sword of flaming.
The fire giant burns you.
You thump the fire giant!
The fire giant is moderately wounded.
The fire giant completely misses you. You furiously retaliate!
You headbutt the fire giant. You hit the fire giant.
The fire giant is moderately wounded.
The fire giant casts a spell at you. The bolt of fire hits you!!
* * * LOW HITPOINT WARNING * * *
The fire giant points at you and mumbles some strange words.
The fireball explodes!
The fireball engulfs you!!
You die...

.....§≈#..####. #≈≈....###### #.#
.....≈≈##......##≈≈........####.#
....§§§≈##....##≈≈≈.............#
.....§≈≈8##''##8≈≈.........####.#
....§.≈§≈.8..8C≈≈≈.........# #.#
.......§≈≈....§§≈..........# #.#
........§§≈§.§§≈...(.......# #.#
...######≈≈§≈≈§............# #.#
...# ##§§≈≈##@..........# #.#
...# ##........####.#### #.# ...#
#..§.......##.# #.# ...#
#........#.##.# #.# ...#
#........#..#.# #.#
...########........##.#.# #.#
...................##...# #.#
...................###..# ##.#
.....................#..# #..#


You could see a fire giant.

Vanquished Creatures
  An orc warlord (Bailey)
  Lodul (D:10)
  Pikel (D:5)
  Maurice (D:9)
  2 trolls
  A hornet (D:7)
  Grinder (D:5)
  A wyvern (D:8)
  A vampire (D:9)
  Eustachio (D:4)
  5 yaks (D:10)
  A two-headed ogre zombie (D:9)
  Duvessa (D:5)
  3 orc warriors
  A sky beast (D:6)
  10 ogres
  An ice beast (D:3)
  3 black bears
  2 phantoms (D:9)
  2 kobold brigands
  Blork the orc (D:5)
  2 scorpions
  10 wights
  Dowan (D:5)
  14 killer bees
  5 howler monkeys
  2 electric eels
  A bombardier beetle (D:5)
  A lava snake (D:10)
  2 gnoll boudas
  8 hounds
  4 jellies
  4 orc priests
  A sleepcap (D:6)
  6 iguanas
  4 orc wizards
  7 ogre zombies (D:9)
  18 gnolls
  9 adders
  2 shadow imps
  2 white imps
  4 ribbon worms
  A dart slug (D:2)
  25 orcs
  3 bats
  2 endoplasms
  6 giant cockroaches
  4 gnoll zombies (D:9)
  19 goblins
  8 hobgoblins
  6 jackals
  24 kobolds
  6 quokkas
  6 ball pythons
  5 frilled lizards
  2 gnoll skeletons (D:9)
  3 orc skeletons (D:9)
  16 orc zombies (D:9)
  2 rats
286 creatures vanquished.

Notes
Turn   | Place    | Note
-------+----------+-------------------------------------------
     0 | D:1      | Silvore the Minotaur Fighter began the quest for the Orb.
     0 | D:1      | Reached XP level 1. HP: 19/19 MP: 0/0
    23 | D:1      | Reached XP level 2. HP: 22/27 MP: 1/1
   200 | D:1      | Found a faded altar of an unknown god.
   212 | D:1      | Reached XP level 3. HP: 29/33 MP: 2/2
   614 | D:2      | Reached skill level 3 in Maces & Flails
   621 | D:2      | Reached XP level 4. HP: 16/41 MP: 3/3
   804 | D:2      | Found an ancient bone altar of Kikubaaqudgha.
   959 | D:2      | Reached XP level 5. HP: 47/47 MP: 4/4
   968 | D:2      | Reached skill level 4 in Maces & Flails
  1635 | D:3      | Noticed an ice beast
  1642 | D:3      | Killed an ice beast
  1643 | D:3      | Reached skill level 5 in Armour
  1643 | D:3      | Reached XP level 6. HP: 39/55 MP: 5/5
  1867 | D:4      | Reached skill level 5 in Maces & Flails
  1910 | D:4      | Reached skill level 5 in Fighting
  1972 | D:4      | Noticed Eustachio
  1981 | D:4      | Killed Eustachio
  1982 | D:4      | Reached skill level 6 in Maces & Flails
  1982 | D:4      | Reached skill level 1 in Dodging
  1982 | D:4      | Reached skill level 5 in Shields
  1982 | D:4      | Reached XP level 7. HP: 50/61 MP: 6/6
  2262 | D:4      | Reached skill level 7 in Maces & Flails
  2524 | D:5      | Entered Level 5 of the Dungeon
  2533 | D:5      | Noticed Pikel
  2546 | D:5      | Killed Pikel
  2547 | D:5      | Reached skill level 8 in Maces & Flails
  2547 | D:5      | Reached XP level 8. HP: 15/71 MP: 7/7
  2876 | D:5      | Noticed Grinder
  2883 | D:5      | Paralysed by Grinder for 5 turns
  2894 | D:5      | Killed Grinder
  3079 | D:5      | Reached skill level 9 in Maces & Flails
  3111 | D:5      | Noticed Dowan
  3113 | D:5      | Noticed Duvessa
  3122 | D:5      | Killed Dowan
  3129 | D:5      | Killed Duvessa
  3130 | D:5      | Reached XP level 9. HP: 71/79 MP: 8/8
  3466 | D:5      | Noticed Blork the orc
  3473 | D:5      | Killed Blork the orc
  4396 | D:6      | Found a staircase to the Ecumenical Temple.
  4502 | Temple   | Entered the Ecumenical Temple
  4515 | Temple   | Became a worshipper of the Shining One
  4538 | D:6      | Reached skill level 10 in Maces & Flails
  6061 | D:8      | Found a flagged portal.
  6077 | Bailey   | Entered a bailey
  6151 | Bailey   | Noticed an orc warlord
  6198 | Bailey   | Found a runed translucent gate.
  6198 | Bailey   | Found a runed translucent gate.
  6198 | Bailey   | Found a runed translucent gate.
  6296 | Bailey   | Reached skill level 11 in Maces & Flails
  6296 | Bailey   | Reached skill level 10 in Armour
  6296 | Bailey   | Reached skill level 5 in Dodging
  6296 | Bailey   | Reached XP level 10. HP: 91/91 MP: 9/9
  6342 | Bailey   | Killed an orc warlord
  6599 | D:8      | You are sucked into a shaft and drop 2 floors!
  6599 | D:10     | Entered Level 10 of the Dungeon
  6604 | D:10     | Noticed Lodul
  6647 | D:10     | Noticed a fire giant
  6648 | D:10     | Reached XP level 11. HP: 37/99 MP: 10/10
  6653 | D:10     | Found a shimmering blue altar of Sif Muna.
  6664 | D:10     | Reached skill level 12 in Maces & Flails
  6903 | D:9      | Reached skill level 10 in Fighting
  6903 | D:9      | Reached XP level 12. HP: 108/108 MP: 11/11
  7010 | D:8      | Found a staircase to the Lair.
  7021 | D:8      | Reached * piety under the Shining One
  7277 | D:8      | Reached skill level 10 in Shields
  7766 | D:9      | Noticed Maurice
  7769 | D:9      | Maurice stole a +1 vampiric great sword
  7770 | D:9      | Maurice stole a ring of wizardry
  7775 | D:9      | Killed Maurice
  7776 | D:9      | Reached skill level 13 in Maces & Flails
  7897 | D:9      | Reached ** piety under the Shining One
  7927 | D:9      | Found a staircase to the Orcish Mines.
  7939 | D:9      | Reached *** piety under the Shining One
  7957 | D:9      | Reached **** piety under the Shining One
  8481 | D:10     | Found a sparkling altar of Nemelex Xobeh.
  8692 | D:10     | Killed Lodul
  9011 | D:10     | Killed from afar by a fire giant

Illustrated notes

Levels and vault maps discovered:
D:1:      minmay_arrival_up_and_down, layout_basic,
          hellmonk_ecumenical_altar_dog_temple
D:2:      layout_loops_ring, basic_altar
D:3:      layout_rooms
D:4:      layout_cave_pools, minmay_unequal, uniq_eustachio
D:5:      layout_layer_cave, serial_bayou_pond_d, uniq_grinder,
          uniq_blork_the_orc, uniq_pikel, uniq_duvessa
D:6:      layout_cave_pods, minmay_temple_entry_trees,
          hangedman_decor_peaks_small, serial_library_hellmonk_h_bend,
          water_boxes_lemuel
D:7:      layout_basic
D:8:      layout_basic, lair_entry_dummy, enter_bailey_5
D:9:      layout_loops_ring, zombieorc2_lemuel, minivault_16,
          chequers_big_river, uniq_maurice
D:10:     layout_basic, nicolae_overflow_hidden_temple, st_stairs_5,
          kennysheep_island_fort, uniq_lodul
Temple:   compressed_dpeg_triangle_lava_temple

Skill      XL: |  1  2  3  4  5  6  7  8  9 10 11 12 |
---------------+-------------------------------------+-----
Fighting       | 4 5 6 7 9 10 11 | 11.0
Armour         | 4 5 6 7 10 11 | 11.4
Shields        | 4 5 6 8 9 10 | 10.8
Maces & Flails | 3 4 6 8 9 11 12 13 | 13.7
Dodging        | 1 2 3 5 7 |  7.3
Stealth        | 3 4 |  4.8

Action                     |  1- 3 |  4- 6 |  7- 9 | 10-12 || total
---------------------------+-------+-------+-------+-------++-------
  Melee: Flail             |    60 |   112 |   256 |   227 ||   655
         Headbutt          |     5 |    17 |    46 |    57 ||   125
    Use: Scroll            |     5 |    10 |     9 |     1 ||    25
         Potion            |       |     1 |     2 |     6 ||     9
 Armour: Scale mail        |    29 |       |       |       ||    29
         Chain mail        |    14 |   121 |   189 |   133 ||   457
  Dodge: Dodged            |    39 |    59 |   216 |   217 ||   531
  Block: Buckler           |    26 |    35 |   112 |   104 ||   277
